 Dungeon Crawl Stone Soup version 0.25.1-2-g60ff931df9 (webtiles) character file.

Game seed: 10227351942683954703

86 Gunterle the Skirmisher (level 4, 0/37 HPs)
             Began as a Formicid Abyssal Knight on Sept 28, 2020.
             Was a Believer of Lugonu.
             Succumbed to a worker ant's poison
             ... on level 3 of the Dungeon.
             The game lasted 00:07:22 (2390 turns).

Gunterle the Skirmisher (Formicid Abyssal Knight)   Turns: 2390, Time: 00:07:22

Health: 0/37       AC:  3    Str: 15 (17) XL:     4   Next: 78%
Magic:  6/6        EV: 11    Int: 10 (11) God:    Lugonu [**....]
Gold:   49         SH:  0    Dex:  9 (11) Spells: 3/3 levels left

rFire    . . .     SeeInvis +   a - +1 hand axe
rCold    . . .     Gourm    .   (no shield)
rNeg     . . .     Faith    .   b - +0 leather armour
rPois    .         Spirit   .   (helmet unavailable)
rElec    .         Reflect  .   (no cloak)
rCorr    .         Harm     .   (no gloves)
MR       .....                  (no boots)
Stlth    +.........             (no amulet)
HPRegen  0.12/turn              (no ring)
MPRegen  0.10/turn              (no ring)

@: lethally poisoned (0 -> -7), stab, flying
A: permanent stasis, dig shafts and tunnels, four strong arms, antennae 3
a: Dig, Shaft Self, Depart the Abyss, Bend Space, Renounce Religion


You were on level 3 of the Dungeon.
You worshipped Lugonu.
Lugonu was pleased with you.
You were not hungry.

You visited 2 branches of the dungeon, and saw 5 of its levels.
You visited the Abyss 1 time.

You collected 49 gold pieces.

Inventory:

Hand Weapons
 a - a +1 hand axe (weapon)
Missiles
 e - 19 sling bullets
 h - a throwing net (quivered)
 i - 54 stones
Armour
 b - a +0 leather armour (worn)
 k - +0 gold dragon scales
Wands
 j - a wand of acid (7)
Scrolls
 l - a scroll of fear {unknown}
Potions
 f - a potion of stabbing
Comestibles
 c - a ration


   Skills:
 + Level 3.8 Fighting
 * Level 3.0 Axes
 + Level 2.7 Armour
 + Level 1.5 Dodging
 + Level 3.0 Invocations


You had 3 spell levels left.
You didn't know any spells.
Your spell library was empty.

Dungeon Overview and Level Annotations

Branches:
Dungeon (4/15)             Temple (1/1) D:4

Altars:
Uskayaw
The Shining One

Annotations:
D:3 Jessica


Innate Abilities, Weirdness & Mutations

You cannot be hasted, slowed, berserked, paralysed or teleported.
You can dig through walls and to a lower floor.
Your four strong arms can wield two-handed weapons with a shield.
You have a pair of large antennae on your head. (SInv)


Message History

You feel sick. The worker ant barely misses you. x2
Unknown command.
It was a potion of stabbing.
You feel ready to backstab. The worker ant barely misses you.
It was a potion of flight.
You feel very buoyant.
You fly up into the air.
* * * LOW HITPOINT WARNING * * *
You feel sick. The worker ant bites you.
* * * LOW HITPOINT WARNING * * *
Unknown command.
It was a potion of degeneration.
There was something very wrong with that liquid.
You feel weakened.
You feel dopey.
You feel clumsy.
* * * LOW HITPOINT WARNING * * *
You feel sick. The worker ant barely misses you.
As you read the scroll labeled KAXUOD GAARR, it crumbles to dust.
You feel aware of your surroundings.
It was a scroll of magic mapping.
You die...

#.#*,*,********,,,
#.#*,*,,,,,,,,****
#.#*.#****,,,,*
#.#*.# *,,,,* **
#.#*.# *,,,,* *,
#.#*.#**##,,,,* *,
#.##.##..,,,,,***,
#........,,,,,,,,,
#@##.##.##.,,,,,,,
##a........,,,,,,,
#K#.#..##.,,*****
#.........,,,,,,,
#.#.#..#*.,,*,,,,
**#.#......,,,',,,,
*,..#.......,,*,,,,
**..#.<.....,,*,,,,
**%.##..###.*,*,,,,


You could see a worker ant and a kobold.

Vanquished Creatures
  2 adders (D:3)
  A worm (D:3)
  A dart slug (D:2)
  A leopard gecko (D:1)
  4 orcs (D:3)
  3 ball pythons
  9 bats
  4 giant cockroaches
  3 goblins
  3 hobgoblins
  5 jackals
  5 kobolds
  A quokka (D:2)
  3 frilled lizards
  11 rats
56 creatures vanquished.

Notes
Turn   | Place    | Note
-------+----------+-------------------------------------------
     0 | Abyss:1  | Gunterle the Formicid Abyssal Knight began the quest for
                  | the Orb.
     0 | Abyss:1  | Reached XP level 1. HP: 18/18 MP: 2/2
    13 | Abyss:1  | Noticed a deep elf elementalist
    14 | D:1      | Escaped the Abyss
    45 | D:1      | Reached skill level 1 in Dodging
    71 | D:1      | Reached XP level 2. HP: 23/24 MP: 3/3
   152 | D:1      | Reached * piety under Lugonu
   497 | D:1      | Reached XP level 3. HP: 29/29 MP: 4/4
  1120 | D:2      | You fall into a shaft and drop 2 floors!
  1120 | D:4      | Found a staircase to the Ecumenical Temple.
  1125 | Temple   | Entered the Ecumenical Temple
  1254 | D:3      | Reached XP level 4. HP: 32/37 MP: 6/6
  1328 | D:3      | Found a glowing golden altar of the Shining One.
  1844 | D:3      | Reached ** piety under Lugonu
  2084 | D:3      | Noticed a +0 dagger
  2085 | D:3      | Found a hide-covered altar of Uskayaw.
  2085 | D:3      | Noticed a +0 dagger
  2343 | D:3      | Noticed Jessica
  2388 | D:3      | HP: 1/37 [worker ant (4)]
  2390 | D:3      | Succumbed to a worker ant's poison

Illustrated notes

Levels and vault maps discovered:
D:1:      minmay_arrival_floating_metal, layout_basic
D:2:      wander_river, layout_loops_ring, led_sif_pool,
          minmay_misc_feat_nine_boxes
D:3:      layout_basic, dancing_weapons_uskayaw, old_standard_altar,
          uniq_grinder, uniq_crazy_yiuf_cottage, uniq_jessica
D:4:      layout_gridville, minmay_temple_entry_grid, first_ration,
          serial_shops, nicolae_shop_competitors_out_of_business
Temple:   nicolae_temple_figure_eight

Skill      XL: |  1  2  3  4 |
---------------+-------------+-----
Dodging        | 1 |  1.5
Invocations    | 3 |  3.0
Axes           | 3 |  3.0
Fighting       | |  3.8
Armour         | |  2.7

Action                   |  1- 3 |  4- 6 || total
-------------------------+-------+-------++-------
Melee: Hand axe          |   101 |    79 ||   180
Throw: Stone             |       |     2 ||     2
Invok: Depart the Abyss  |     1 |       ||     1
 Abil: Dig               |     2 |       ||     2
  Use: Potion            |       |     3 ||     3
       Scroll            |       |     1 ||     1
  Eat: Chunk             |     1 |     4 ||     5
Armor: Leather armour    |    31 |    22 ||    53
Dodge: Dodged            |    75 |    56 ||   131
